 Dungeon Crawl Stone Soup version 0.31-a0-200-gbc41564c69 (webtiles) character file.

Game seed: 6701613082531214559

368 qw the Skirmisher (level 6, -3/35 HPs)
             Began as a Deep Elf Hunter on June 25, 2023.
             Slain by Duvessa
             ... wielding a +4 short sword of electrocution
              (8 damage)
             ... on level 4 of the Dungeon.
             The game lasted 00:00:56 (2060 turns).

qw the Skirmisher (Deep Elf Hunter)                 Turns: 2060, Time: 00:00:57

Health: -3/35      AC:  8    Str: 10    XL:     6   Next: 41%
Magic:  8/8        EV: 13    Int: 14    God:
Gold:   168        SH:  0    Dex: 18    Spells: 5/5 levels left

rFire   . . .        Y - +0 shortbow
rCold   . . .        (shield currently unavailable)
rNeg    . . .        k - +3 leather armour of the Ageless Seers {Will++}
rPois   .            d - +1 helmet
rElec   .            (no cloak)
rCorr   .            (no gloves)
SInv    .            (no boots)
Will    ++...        (no amulet)
Stlth   ++           (no ring)
HPRegen 0.25/turn    (no ring)
MPRegen 0.11/turn

%: no passive effects
@: no status effects
A: no striking features
a: no special abilities


You were on level 4 of the Dungeon.
You visited 1 branch of the dungeon, and saw 4 of its levels.

You collected 168 gold pieces.


   Skills:
 - Level 2.0 Fighting
 + Level 9.1 Ranged Weapons
 - Level 4.4 Dodging
 - Level 1.2 Stealth


You had 5 spell levels left.
You didn't know any spells.
Your spell library was empty.

Inventory:

Hand Weapons
 Y - a +0 shortbow (weapon)
Armour
 d - a +1 helmet (worn)
 k - the +3 leather armour of the Ageless Seers (worn) {Will++}
   (You took it off a hobgoblin on level 3 of the Dungeon)

   Will:      It greatly increases your willpower.
Scrolls
 a - 2 scrolls of identify
Potions
 c - a potion of curing
 e - a potion of resistance
 f - a potion of attraction {unknown}
 h - a potion of might

Dungeon Overview and Level Annotations

Branches:
Dungeon (4/15)
 Temple: D:4-7

Altars:
Makhleb

Annotations:
D:3 1 runed translucent door, Crazy Yiuf
D:4 Dowan, Duvessa, Edmund


Message History

Duvessa is moderately wounded.
Duvessa hits you with a +4 short sword of electrocution.
You shoot an arrow.
The arrow hits Duvessa but does no damage.
Duvessa is lightly wounded.
Your surroundings suddenly seem different.
Found a fizzy dark potion, a twisted agate ring and a potion of resistance.
Found an escape hatch in the ceiling.
Found a stone staircase leading down.
Dowan casts a spell at something.
You shoot an arrow. The arrow hits the adder!
The adder is severely wounded.
Dowan gestures wildly while chanting.
Dowan blinks!
You shoot an arrow. The arrow closely misses the adder.
The arrow completely misses the hobgoblin.
The arrow hits Edmund but does no damage.
You shoot an arrow.
The arrow hits the adder but does no damage.
The adder is severely wounded.
You shoot an arrow. The arrow hits the adder.
The adder is severely wounded.
The adder bites you but does no damage.
You shoot an arrow. The arrow misses the adder.
The arrow barely misses the hobgoblin.
The arrow hits Edmund but does no damage.
The adder bites you but does no damage. The adder closely misses you.
You shoot an arrow. The arrow hits the adder.
You kill the adder!
You shoot an arrow.
The arrow hits Edmund but does no damage.
Edmund hits you with a +0 flail of holy wrath.
The hobgoblin closely misses you.
You shoot an arrow. The arrow barely misses Edmund.
The arrow hits the dart slug!
You kill the dart slug!
Edmund closely misses you. The hobgoblin closely misses you.
You shoot an arrow. The arrow barely misses Duvessa.
The arrow closely misses Dowan.
Duvessa hits you with a +4 short sword of electrocution!
You die...

####.....
####.?..........##
###...$##..........#
##...#####..........#
...### #..!.<=e...#
.### #...>......#
...# #....%.....#
##..... .!....@e..#
...... ......g@.#
...!. ...#######
..... ##.. ..


You could see Edmund, Duvessa (fast), Dowan and a hobgoblin.

Vanquished Creatures
  Menkaure (D:4)
  A hound (D:4)
  2 jellies
  Jessica (D:3)
  6 adders
  3 dart slugs
  5 orcs (D:3)
  8 ball pythons
  2 endoplasms
  2 giant cockroaches
  4 goblins
  10 hobgoblins
  A jackal (D:3)
  4 quokkas
  5 bats
  3 frilled lizards
  4 kobolds
  10 rats
72 creatures vanquished.

Notes
Turn   | Place    | Note
-------+----------+-------------------------------------------
     0 | D:1      | qw the Deep Elf Hunter began the quest for the Orb.
     0 | D:1      | Reached XP level 1. HP: 12/12 MP: 3/3
     0 | D:1      | 0 ||| qw: Version: 0.3-a-22-g0ed2b0b
     0 | D:1      | 0 ||| qw: Game counter: 5645
     0 | D:1      | 0 ||| qw: Melee chars always use a shield: true
     0 | D:1      | 0 ||| qw: God list: Okawaru
     0 | D:1      | 0 ||| qw: Allow faded altars: false
     0 | D:1      | 0 ||| qw: Do Orc after clearing Dungeon:15 true
     0 | D:1      | 0 ||| qw: Do second Lair branch before Depths: true
     0 | D:1      | 0 ||| qw: Lair rune preference: random
     0 | D:1      | 0 ||| qw: Goals: Normal
     0 | D:1      | 0 ||| PLANNING D:1-11
    96 | D:1      | Reached skill level 6 in Ranged Weapons
    96 | D:1      | Reached XP level 2. HP: 16/16 MP: 4/4
   193 | D:1      | Found a faded altar of an unknown god.
   337 | D:1      | Reached XP level 3. HP: 20/20 MP: 5/5
   339 | D:1      | 339 ||| UPGRADING to +0 ring mail.
   349 | D:1      | 349 ||| DROPPING +0 leather armour.
   350 | D:1      | 350 ||| READING 2 scrolls labelled EKHECEBIREE.
   351 | D:1      | 351 ||| READING scroll labelled JACUSUMEMP.
   355 | D:1      | 355 ||| DROPPING scroll of butterflies.
   423 | D:2      | Identified the +1 hand axe of Indomitability {vamp, Fly rC-
                  | rN+ rCorr}
   584 | D:2      | Reached skill level 7 in Ranged Weapons
  1011 | D:2      | 1011 ||| UPGRADING to +0 helmet.
  1016 | D:2      | 1016 ||| READING scroll labelled CEFUISKE LOODE.
  1117 | D:2      | 1117 ||| READING scroll labelled UMAGAM QEIFUL.
  1118 | D:2      | 1118 ||| DRINKING 2 bubbling yellow potions.
  1119 | D:2      | 1119 ||| READING 3 scrolls of identify.
  1119 | D:2      | 1119 ||| IDENTIFYING white potion
  1120 | D:2      | 1120 ||| READING 2 scrolls of identify.
  1120 | D:2      | 1120 ||| IDENTIFYING black potion
  1157 | D:3      | Reached XP level 4. HP: 25/25 MP: 6/6
  1331 | D:3      | Noticed Jessica
  1336 | D:3      | Killed Jessica
  1337 | D:3      | Reached skill level 8 in Ranged Weapons
  1337 | D:3      | 1337 ||| FLEEEEING.
  1338 | D:3      | 1338 ||| FLEEEEING.
  1339 | D:3      | 1339 ||| FLEEEEING.
  1340 | D:3      | 1340 ||| FLEEEEING.
  1341 | D:3      | 1341 ||| FLEEEEING.
  1342 | D:3      | 1342 ||| FLEEEEING.
  1343 | D:3      | 1343 ||| FLEEEEING.
  1344 | D:3      | 1344 ||| FLEEEEING.
  1345 | D:3      | 1345 ||| FLEEEEING.
  1433 | D:3      | Identified the +3 leather armour of the Ageless Seers
                  | {Will++}
  1452 | D:3      | Found a burning altar of Makhleb.
  1467 | D:3      | HP: 6/25 [orc/+0 war axe (2)]
  1573 | D:3      | Found a runed translucent door.
  1574 | D:3      | Noticed Crazy Yiuf
  1625 | D:3      | Reached XP level 5. HP: 29/29 MP: 7/7
  1911 | D:3      | 1911 ||| UPGRADING to +1 helmet.
  1921 | D:3      | 1921 ||| DROPPING +0 helmet.
  1922 | D:3      | 1922 ||| UPGRADING to +3 leather armour of the Ageless
                  | Seers {Will++}.
  1932 | D:3      | 1932 ||| DROPPING +0 ring mail.
  1933 | D:3      | 1933 ||| READING scroll labelled SYBLUE GIGHYTT.
  1934 | D:3      | 1934 ||| READING 5 scrolls of identify.
  1934 | D:3      | 1934 ||| IDENTIFYING smoky inky potion
  1935 | D:3      | 1935 ||| READING 4 scrolls of identify.
  1935 | D:3      | 1935 ||| IDENTIFYING amethyst potion
  1936 | D:3      | 1936 ||| READING 3 scrolls of identify.
  1936 | D:3      | 1936 ||| IDENTIFYING puce potion
  1937 | D:3      | 1937 ||| DROPPING potion of degeneration.
  1938 | D:3      | 1938 ||| DROPPING potion of brilliance.
  1939 | D:3      | 1939 ||| DROPPING potion of lignification.
  1988 | D:4      | Reached skill level 9 in Ranged Weapons
  1991 | D:4      | Noticed Menkaure
  1999 | D:4      | Killed Menkaure
  2000 | D:4      | Reached XP level 6. HP: 34/34 MP: 8/8
  2031 | D:4      | Noticed Dowan
  2032 | D:4      | Noticed Edmund
  2034 | D:4      | Noticed Duvessa
  2048 | D:4      | HP: 6/35 [Duvessa/puff of flame (6)]
  2049 | D:4      | 2049 ||| READING scroll of teleportation.
  2058 | D:4      | HP: 5/35 [Edmund/+0 flail of holy wrath (3)]
  2060 | D:4      | Slain by Duvessa

Levels and vault maps discovered:
D:1:      doesnt_arrival_eight_statues, layout_rooms,
          shapermc_ecumenical_altar_totnotflames, minmay_pentomino_w2
D:2:      layout_loops_ring
D:3:      layout_basic, mainiacjoe_overflow_chevrons, minmay_quantized,
          uniq_jessica, uniq_crazy_yiuf_cottage
D:4:      layout_rooms, uniq_edmund, uniq_duvessa, uniq_menkaure

Skill      XL: |  1  2  3  4  5  6 |
---------------+-------------------+-----
Ranged Weapons | 6 7 8 9 |  9.1
Dodging        | 4 |  4.4
Fighting       | 2 |  2.0
Stealth        | |  1.2

Action                     |  1- 3 |  4- 6 || total
---------------------------+-------+-------++-------
   Fire: Shortbow          |   102 |   113 ||   215
    Use: Scroll            |     6 |     5 ||    11
         Potion            |     1 |       ||     1
 Armour: Leather armour    |     2 |     9 ||    11
         Ring mail         |     4 |    13 ||    17
  Dodge: Dodged            |    20 |    26 ||    46

Table legend:
 A = Non-vault XP
 B = Vault XP
 C = Vault XP percentage of total XP
 D = Non-vault monster count
 E = Vault monster count
 F = Vault count percentage of total count
                 A         B        C        D         E       F
            +---------+---------+-------+---------+---------+-------
      Total |     301 |     225 |  42.8 |      63 |       9 |  12.5
            +---------+---------+-------+---------+---------+-------
        D:1 |      39 |       2 |   4.9 |      23 |       1 |   4.2
        D:2 |      48 |       0 |   0.0 |      14 |       0 |   0.0
        D:3 |      71 |      48 |  40.3 |      16 |       7 |  30.4
        D:4 |     143 |     175 |  55.0 |      10 |       1 |   9.1
            +---------+---------+-------+---------+---------+-------
